AoeStats
← Rafelso

Arabia

508228832Analyzed
1v1 RM · 12d ago on Sep 21, 2026· 43m 48s· 2 players
Game mode
Random Map
Map size
Tiny (2 player)
Population
200
Speed
Normal
Resources
Standard
Victory
Conquest
Starting age
Dark Age
Ending age
Imperial Age
RankedLock teamsTeams togetherTeam positionsShared explorationLock speedFull tech treeHidden civsTurbo modeCheats
Victory
Defeat
🇨🇳 Muisca · China
1789
+19
🇫🇷 Saracens · France
1862
-19
The Muffin Man
9:04 Loom
10:57 Feudal Age
15:20 Castle Age
14:56 Double-Bit Axe
15:38 Fletching
15:31 Horse Collar
18:03 Bow Saw
19:05 Bodkin Arrow
19:55 Gold Mining
21:44 Padded Archer Armor
23:12 Town Watch
24:52 Leather Archer Armor
25:16 Wheelbarrow
27:10 Heavy Plow
34:52 Imperial Age
32:44 Scale Mail Armor
33:26 Ballistics
33:39 Stone Mining
34:22 Hand Cart
35:09 Chain Mail Armor
35:41 Bracer
35:47 Elite Guecha Warrior
36:42 Forging
37:39 Chemistry
36:44 Squires
37:18 Plate Mail Armor
37:44 Elite Temple Guard
39:13 Conscription
39:43 Town Patrol
Rafelso
5:31 Loom
8:28 Feudal Age
10:24 Double-Bit Axe
21:03 Castle Age
19:28 Town Watch
19:34 Fletching
20:08 Horse Collar
20:21 Gold Mining
20:21 Stone Mining
21:59 Bodkin Arrow
23:19 Guard Tower
25:13 Ballistics
25:09 Murder Holes
27:01 Heavy Plow
27:38 Bow Saw
28:08 Wheelbarrow
34:46 Imperial Age
32:41 Scale Barding Armor
32:48 Bloodlines
33:07 Hand Cart
33:20 Husbandry
33:03 Light Cavalry
34:45 Chain Barding Armor
36:10 Plate Barding Armor
36:59 Forging
38:28 Chemistry
38:05 Conscription
39:30 Arrowslits
43:17 Bracer
Connection lost

Rejoining the realm…

Still unreachable

The connection could not be restored.

Session expired

The server has moved on; the page needs a fresh start.